 Dungeon Crawl Stone Soup version 0.29.1-1-gd02db6906a (webtiles) character file.

Game seed: 17674675070861793289

4312 xian the Zephyrmancer (level 10, -3/53 HPs)
             Began as a Tengu Air Elementalist on Sept 21, 2022.
             Was a Follower of Ashenzari.
             Killed from afar by an acid dragon (29 damage)
             ... with a splash of acid
             ... on level 9 of the Dungeon.
             The game lasted 00:22:16 (10427 turns).

xian the Zephyrmancer (Tengu Air Elementalist)     Turns: 10427, Time: 00:22:17

Health: -3/53      AC:  6    Str: 16    XL:     10   Next: 33%
Magic:  21/21      EV: 16    Int: 25    God:    Ashenzari [*.....]
Gold:   484        SH:  5    Dex: 15    Spells: 16/22 levels left

rFire   . . .      SeeInvis .   n - +10 spear of the Ensconced Sage {elec, rF- Int+7, Fort, Melee} (curse)
rCold   + . .      Faith    .   (no shield)
rNeg    . . .      Spirit   .   z - +1 robe {rC+ rF+}
rPois   .          Reflect  +   (helmet restricted)
rElec   .          Harm     .   v - +0 cloak
rCorr   .          Rampage  .   u - +1 pair of gloves {infuse}
Will    .....                   (boots unavailable)
Stlth   +++.......              q - amulet of reflection
HPRegen 0.17/turn               j - +4 ring of protection
MPRegen 0.17/turn               w - ring "Shattered Together" {Str+6, Elem, Cun} (curse)

@: corroded, flying quickly and evasively, quick
A: beak, talons 3, nimble flight
a: Renounce Religion, Curse Item, Shatter the Chains


You were on level 9 of the Dungeon.
You worshipped Ashenzari.
Ashenzari was aware of your devotion.
You visited 1 branch of the dungeon, and saw 9 of its levels.

You collected 540 gold pieces.
You spent 56 gold pieces at shops.

Inventory:

Hand Weapons
 n - the cursed +10 spear of the Ensconced Sage (weapon) {elec, rF- Int+7, Fort, Melee}
   (You found it on level 2 of the Dungeon)

   It occasionally discharges a powerful burst of electricity upon striking a
   foe.
   Int:       It affects your intelligence (+7).
   rF:        It makes you vulnerable to fire.
   It has a curse which improves the following skills: Fortitude: Armour and
   Shields.
   Melee Combat: Short Blades, Long Blades, Axes, Maces & Flails, Polearms,
   Staves and Unarmed Combat.
Armour
 u - a +1 pair of gloves of infusion (worn)
 v - a +0 cloak (worn)
 z - a +1 robe of resistance (worn)
Jewellery
 j - a +4 ring of protection (left hand)
 q - an amulet of reflection (around neck)
 w - the cursed ring "Shattered Together" (right hand) {Str+6, Elem, Cun}
   (You found it on level 4 of the Dungeon)

   [ring of strength]

   Str:       It affects your strength (+6).
   It has a curse which improves the following skills: Elements: Fire Magic, Ice
   Magic, Air Magic and Earth Magic.
   Cunning:   Dodging and Stealth.
 y - a ring of protection from fire
 B - a +6 ring of strength
 C - a ring of see invisible
Wands
 D - a wand of paralysis (3)
Scrolls
 a - a scroll of fear
 e - a scroll of magic mapping
 g - 2 scrolls of brand weapon
 h - a scroll of amnesia
 i - 3 scrolls of teleportation
 k - 4 scrolls of vulnerability
 l - 3 scrolls of poison
 o - 5 scrolls of fog
 r - 2 scrolls of enchant weapon
 A - 3 scrolls of identify
Potions
 b - 3 potions of magic
 c - 2 potions of haste
 d - 4 potions of lignification
 f - 8 potions of curing
 m - 2 potions of resistance
 p - 5 potions of mutation
 s - 3 potions of might
 t - 2 potions of flight
 x - 4 potions of brilliance


   Skills:
 + Level 1.8 Fighting
 * Level 7.3(8.2) Polearms
 + Level 3.7(4.5) Dodging
 + Level 4.3(5.2) Stealth
 + Level 2.3(3.1) Shields
 + Level 6.8 Spellcasting
 + Level 8.8 Conjurations
 + Level 9.4(10.3) Air Magic


You had 16 spell levels left.
You knew the following spells:

 Your Spells              Type           Power      Damage    Failure   Level
a - Shock                 Conj/Air       100%       1d9       1%          1
b - Static Discharge      Conj/Air       54%        3-10/arc  1%          2
c - Swiftness             Air            56%        N/A       1%          3

Your spell library contained the following spells:

 Spells                   Type           Power      Damage    Failure   Level
 Magic Dart               Conj           100%       1d8       1%          1
 Mephitic Cloud           Conj/Pois/Air  40%        N/A       1%          3
 Airstrike                Air            28%        2d(4-20)  1%          4
 Freeze                   Ice            32%        1d5       7%          1
 Call Imp                 Summ           8%         N/A       11%         2
 Hailstorm                Conj/Ice       30%        3d8       11%         4
 Confusing Touch          Hex            8%         N/A       21%         3
 Frozen Ramparts          Ice            16%        1d3       21%         3
 Portal Projectile        Hex/Tloc       16%        N/A       21%         3
 Tukima's Dance           Hex            8%         N/A       21%         3
 Animate Dead             Necr           8%         N/A       56%         4
 Blade Hands              Tmut           4%         N/A       88%         5
 Yara's Violent Unravell  Hex/Tmut       4%         3d4       88%         5
 Enfeeble                 Hex            4%         N/A       100%        7
 Haunt                    Necr/Summ      4%         N/A       100%        7
 Infestation              Necr           4%         N/A       100%        8


Dungeon Overview and Level Annotations

Branches:
Dungeon (9/15)             Temple (0/1) D:7            Lair (0/5) D:9
    Orc: D:9-12

Altars:
Ashenzari
Cheibriados
Fedhas
Nemelex Xobeh
Qazlal
Sif Muna
Trog
Wu Jian
Xom

Shops:
D:6 ?


Innate Abilities, Weirdness & Mutations

You have a beak for a mouth.
You have claws for feet.
Your magical nature lets you fly swiftly and evasively.


Message History

The orc wizard casts a spell.
The orc wizard flickers and vanishes!
Deactivating autopickup; reactivate with Ctrl-A.
Casting: Shock (safe; 1% risk of failure)
Confirm with . or Enter, or press ? or * to list all spells.
The orc wizard is struck by an arc of lightning.
The orc wizard is almost dead.
The orc is struck by an arc of lightning!
You kill the orc!
You are struck by an arc of lightning.
The orc wizard is struck by an arc of lightning.
You kill the orc wizard!
You are struck by an arc of lightning.
Casting: Static Discharge (safe; 1% risk of failure)
Confirm with . or Enter, or press ? or * to list all spells.
Something is struck by an arc of lightning!
Reactivating autopickup.
You feel a bit more experienced.
You are struck by an arc of lightning.
The orc is struck by an arc of lightning!
You kill the orc!
You are struck by an arc of lightning.
The lightning grounds out.
There is a staircase to the Lair here.
Items here: )) [[.
Items here: )) [[ ††.
HP restored.
Magic restored.
D - a wand of paralysis (3)
Items here: )) [[ ††.
There is a stone staircase leading up here.
k - 4 scrolls of vulnerability (gained 1)
An acid dragon comes into view.
The acid dragon roars!
The acid dragon spits acid at you. The splash of acid hits you!!
Ouch! That really hurt!
The acid corrodes you! The acid dragon spits acid at you.
The splash of acid hits you!!
Ouch! That really hurt!
You die...

##..#######.####...
#.###.............D....
.........######.#
#.#####..)## #.#
##.><####D# ###...##.#
###..#.# ##.#.# #.#@#
#...# ##..# ####


You could see an acid dragon (catching breath).

Vanquished Creatures
  Prince Ribbit (D:7)
  3 yaks (D:8)
  A steam dragon (D:6)
  4 water moccasins
  Duvessa (D:7)
  An ice beast (D:6)
  2 centaurs
  3 ogres
  3 phantoms
  3 kobold brigands (D:8)
  5 bullfrogs
  A gnoll sergeant (D:6)
  2 necrophages
  3 scorpions
  4 wights (D:8)
  Dowan (D:7)
  A howler monkey (D:6)
  5 hounds
  A gnoll bouda (D:7)
  A jelly (D:6)
  5 orc priests
  5 iguanas
  7 orc wizards
  12 gnolls
  9 adders
  10 river rats (D:6)
  3 worms
  2 dart slugs
  25 orcs
  8 endoplasms
  2 giant cockroaches (D:4)
  13 goblins
  10 hobgoblins
  10 quokkas
  6 ball pythons
  5 bats
  6 frilled lizards
  27 kobolds
  22 rats
233 creatures vanquished.

Vanquished Creatures (others)
  A kobold brigand (D:7)
1 creature vanquished.

Grand Total: 234 creatures vanquished

Notes
Turn   | Place    | Note
-------+----------+-------------------------------------------
     0 | D:1      | xian the Tengu Air Elementalist began the quest for the
                  | Orb.
     0 | D:1      | Reached XP level 1. HP: 10/10 MP: 4/4
   262 | D:1      | Reached XP level 2. HP: 8/15 MP: 1/6
   280 | D:1      | Learned a level 2 spell: Static Discharge
   508 | D:1      | Found a faded altar of an unknown god.
   644 | D:1      | Reached XP level 3. HP: 19/19 MP: 5/7
   835 | D:1      | Reached skill level 5 in Air Magic
  1509 | D:2      | Reached XP level 4. HP: 24/24 MP: 5/9
  1543 | D:2      | Identified the +10 spear "Axzeg Zie" {elec, rF- Int+7}
  1849 | D:2      | Learned a level 3 spell: Swiftness
  2494 | D:2      | Gained mutation: Your magical nature lets you fly swiftly
                  | and evasively. [Tengu growth]
  2494 | D:2      | Reached XP level 5. HP: 28/28 MP: 7/10
  3589 | D:4      | Noticed a phantom
  3595 | D:4      | Killed a phantom
  3596 | D:4      | Reached skill level 1 in Polearms
  3596 | D:4      | Reached XP level 6. HP: 30/32 MP: 4/11
  3659 | D:4      | Found a snail-covered altar of Cheibriados.
  3812 | D:4      | Identified a scroll of acquirement
  3813 | D:4      | Acquired a +1 pair of gloves of infusion
  3960 | D:4      | Found a blossoming altar of Fedhas.
  3961 | D:4      | Found a broken altar of Ashenzari.
  3962 | D:4      | Found a bloodstained altar of Trog.
  3963 | D:4      | Found a shimmering blue altar of Sif Muna.
  3973 | D:4      | Became a worshipper of Ashenzari the Shackled
  4177 | D:4      | Reached skill level 6 in Air Magic
  4549 | D:4      | Found an ornate altar of the Wu Jian Council.
  4673 | D:4      | Reached XP level 7. HP: 36/36 MP: 11/13
  4860 | D:5      | Entered Level 5 of the Dungeon
  4863 | D:5      | Reached skill level 5 in Conjurations
  5216 | D:5      | Reached XP level 8. HP: 41/41 MP: 10/15
  5348 | D:5      | Reached skill level 7 in Air Magic
  5670 | D:6      | Found Virapo Ries's Magic Scroll Boutique.
  5690 | D:6      | Reached skill level 5 in Spellcasting
  6158 | D:6      | Reached skill level 5 in Polearms
  6158 | D:6      | Reached XP level 9. HP: 14/45 MP: 3/18
  6354 | D:6      | Reached skill level 1 in Shields
  6667 | D:6      | Bought a scroll of identify for 28 gold pieces
  6667 | D:6      | Bought a scroll of identify for 28 gold pieces
  6868 | D:6      | Reached skill level 8 in Air Magic
  7651 | D:7      | Noticed Prince Ribbit
  7663 | D:7      | Killed Prince Ribbit
  7664 | D:7      | Reached skill level 1 in Fighting
  7748 | D:7      | Found a stormy altar of Qazlal.
  7756 | D:7      | Reached * piety under Ashenzari
  7777 | D:7      | Found a staircase to the Ecumenical Temple.
  8039 | D:7      | Noticed Duvessa
  8041 | D:7      | Noticed Dowan
  8052 | D:7      | Killed Duvessa
  8053 | D:7      | Killed Dowan
  8241 | D:7      | Reached skill level 9 in Air Magic
  8736 | D:8      | Reached XP level 10. HP: 14/52 MP: 7/20
  9498 | D:8      | Found a shimmering altar of Xom.
 10161 | D:8      | Found a sparkling altar of Nemelex Xobeh.
 10351 | D:9      | Found a staircase to the Lair.
 10427 | D:9      | Killed from afar by an acid dragon

Illustrated notes

Levels and vault maps discovered:
D:1:      onia_arrival_pentagram, layout_basic,
          hellmonk_ecumenical_altar_crossroads
D:2:      layout_basic, minmay_quadrilaterals
D:3:      layout_basic, grunt_decor_one_mirror, grunt_ministairs_3,
          minmay_misc_feat_doors
D:4:      cheibrodos_greedy_goblins, layout_gridville,
          nicolae_wu_jian_immortal_techniques, amcnicky_altar_gilded,
          mainiacjoe_overflow_alcove_3, minmay_surrounded
D:5:      layout_basic, eino_tiny_chamber
D:6:      lemuel_ratsnest, layout_rooms, serial_shops, shop,
          kennysheep_generic_room_12
D:7:      layout_basic, nicolae_qazlal_scattered_showers,
          minmay_temple_entry_statues_fountains, uniq_prince_ribbit1,
          uniq_duvessa
D:8:      layout_cave_pods, mainiacjoe_overflow_paths,
          nemelex_diamond_rough_becter
D:9:      layout_rooms, lair_entry_dummy, chequers_avenue

Skill      XL: |  1  2  3  4  5  6  7  8  9 10 |
---------------+-------------------------------+-----
Air Magic      | 5 6 7 9 |  9.4
Conjurations   | 3 4 6 7 8 |  8.8
Spellcasting   | 3 4 5 6 |  6.8
Polearms       | 1 2 3 5 6 7 |  7.3
Dodging        | 3 |  3.7
Stealth        | 3 4 |  4.3
Shields        | 1 2 |  2.3
Fighting       | 1 |  1.8

Action                   |  1- 3 |  4- 6 |  7- 9 | 10-12 || total
-------------------------+-------+-------+-------+-------++-------
Melee: Short sword       |    10 |       |       |       ||    10
       Rapier            |     6 |       |       |       ||     6
       Kick              |     2 |     2 |    17 |    10 ||    31
       Peck              |     2 |       |     9 |     3 ||    14
       Spear             |       |    12 |   109 |    36 ||   157
       Punch             |       |       |     1 |       ||     1
 Cast: Shock             |    62 |   124 |   161 |    54 ||   401
       Static Discharge  |       |     2 |    16 |     4 ||    22
       Swiftness         |       |       |     1 |     2 ||     3
Invok: Curse Item        |       |       |     2 |       ||     2
  Use: Scroll            |       |     4 |     3 |       ||     7
 Stab: Sleeping          |       |       |     5 |       ||     5
Armor: Robe              |     5 |       |     4 |     9 ||    18
       Skin              |       |     2 |    19 |       ||    21
Dodge: Dodged            |    19 |     7 |    58 |    15 ||    99
Block: Other             |       |     3 |    23 |     5 ||    31
       Reflection        |       |     1 |     1 |       ||     2
